 Dungeon Crawl Stone Soup version 0.23.1 (webtiles) character file.

Game seed: 0

265 Fang the Skirmisher (level 6, -2/39 HPs)
             Began as a Gargoyle Berserker on Mar 13, 2019.
             Was a Believer of Trog.
             Slain by an iron imp (6 damage)
             ... summoned by Eustachio
             ... on level 4 of the Dungeon.
             The game lasted 00:04:08 (2325 turns).

Fang the Skirmisher (Gargoyle Berserker)            Turns: 2325, Time: 00:04:08

Health: -2/39      AC: 16    Str: 23      XL:     6   Next: 20%
Magic:  6/6        EV:  7    Int:  7      God:    Trog [**....]
Gold:   151        SH:  0    Dex:  7 (9)  Spells: 5/5 levels left

rFire    . . .     SeeInvis .   p - +0 war axe
rCold    . . .     Gourm    .   (no shield)
rNeg     + . .     Faith    .   j - +0 plate armour
rPois    ∞         Spirit   .   (no helmet)
rElec    +         Reflect  .   (no cloak)
rCorr    .         Harm     .   (no gloves)
MR       .....                  (no boots)
Stlth    ..........             (no amulet)
HPRegen  0.13/turn              (no ring)
MPRegen  0.10/turn              (no ring)

@: no status effects
A: negative energy resistance 1, electricity resistance, unbreathing,
petrification resistance, rot immunity, AC +4
a: Berserk, Trog's Hand, Renounce Religion


You were on level 4 of the Dungeon.
You worshipped Trog.
Trog was pleased with you.
You were hungry.

You visited 1 branch of the dungeon, and saw 4 of its levels.

You collected 151 gold pieces.

Inventory:

Hand Weapons
 p - a +0 war axe (weapon)
Armour
 j - a +0 plate armour (worn)
Jewellery
 n - a +6 ring of dexterity {unknown}
Scrolls
 e - a scroll of noise {unknown}
 h - a scroll of remove curse {unknown}
 k - 2 scrolls of magic mapping {unknown}
 m - a scroll of identify {unknown}
Potions
 a - a potion of flight {unknown}
 b - a potion of mutation {unknown}
 d - 2 potions of brilliance {unknown}
 f - a potion of experience {unknown}
 g - a potion of heal wounds {unknown}
 i - 2 potions of lignification {unknown}
 l - a potion of curing {unknown}
Comestibles
 c - 4 rations
 o - 6 chunks of flesh


   Skills:
 + Level 4.6 Fighting
 + Level 3.8 Axes
 + Level 3.9 Armour
 + Level 2.8 Dodging


You had 5 spell levels left.
You didn't know any spells.
Your spell library was empty.

Dungeon Overview and Level Annotations

Branches:
Dungeon (4/15)
 Temple: D:4-7

Altars:
Gozag
Makhleb
Trog

Annotations:
D:4 Eustachio


Innate Abilities, Weirdness & Mutations

You are resistant to torment.
Your stone body is resilient. (AC +4)
You are immune to poison.
You resist negative energy. (rN+)
You are resistant to electric shocks. (rElec)
You can survive without breathing.
You are immune to petrification.
You are immune to rotting.


Message History

The crimson imp hits you.
* * * LOW HITPOINT WARNING * * *
The iron imp closely misses you.
The ufetubus hits you but does no damage. x2
You miss the ufetubus.
Your plate armour prevents you from hitting the crimson imp.
You hit the iron imp. The ufetubus barely misses you.
The ufetubus hits you but does no damage.
The crimson imp hits you.
* * * LOW HITPOINT WARNING * * *
The iron imp hits you but does no damage.
You completely miss the ufetubus. You miss the crimson imp.
You hit the iron imp.
The ufetubus hits you but does no damage. x3
The ufetubus closely misses you. The crimson imp closely misses you.
Eustachio casts a spell.
Eustachio blinks!
The iron imp grins evilly.
The iron imp hits you.
You die...

#.(.....# ..
#####.#.# #.# #...#
.. #.#.# #.## #.#..
..# .# #.### #.# #.#
#.... #.###.#
###########
####5@##.###<.....# #
#....55..@#######.# #
#.###§.#..#
#####.#### #. ##.#..#
#.#....... #+# #....#
#.......##
......#...###.#...#.#
......#...#...#####.#
).........#.### #.#
......##....))# #.#


You could see Eustachio, an iron imp, a crimson imp and an ufetubus.

Vanquished Creatures
  An orc priest (D:3)
  Crazy Yiuf (D:3)
  An orc wizard (D:4)
  2 bullfrog skeletons
  Robin (D:4)
  3 adders
  3 worms
  2 dart slugs (D:1)
  2 leopard geckos
  4 orcs
  2 giant cockroaches
  9 goblins
  4 hobgoblins
  8 jackals
  3 quokkas
  7 bats
  7 frilled lizards
  4 kobolds
  4 rats
68 creatures vanquished.

Notes
Turn   | Place    | Note
-------+----------+-------------------------------------------
     0 | D:1      | Fang the Gargoyle Berserker began the quest for the Orb.
     0 | D:1      | Reached XP level 1. HP: 14/14 MP: 1/1
   146 | D:1      | Reached XP level 2. HP: 9/19 MP: 2/2
   626 | D:2      | Reached XP level 3. HP: 24/24 MP: 3/3
   716 | D:2      | Found a bloodstained altar of Trog.
   778 | D:2      | Reached ** piety under Trog
   978 | D:2      | Found an opulent altar of Gozag.
  1004 | D:2      | Reached XP level 4. HP: 22/29 MP: 4/4
  1497 | D:3      | Found a runed translucent door.
  1498 | D:3      | Noticed Crazy Yiuf
  1599 | D:3      | Reached skill level 4 in Fighting
  1771 | D:3      | Reached XP level 5. HP: 33/33 MP: 5/5
  1986 | D:3      | Killed Crazy Yiuf
  2054 | D:4      | Found a burning altar of Makhleb.
  2157 | D:4      | Noticed Robin
  2174 | D:4      | Killed Robin
  2174 | D:4      | Reached XP level 6. HP: 39/39 MP: 6/6
  2208 | D:4      | Noticed Eustachio
  2325 | D:4      | Slain by an iron imp

Skill      XL: |  1  2  3  4 |
---------------+-------------+-----
Axes           | 3 |  3.8
Dodging        | 2 |  2.8
Armour         | 3 |  3.9
Fighting       | 4 |  4.6

Action                   |  1- 3 |  4- 6 || total
-------------------------+-------+-------++-------
Melee: Hand axe          |   122 |    92 ||   214
       War axe           |       |    96 ||    96
Invok: Berserk           |     1 |     1 ||     2
 Stab: Invisible         |       |     1 ||     1
  Eat: Chunk             |     2 |     5 ||     7
Armor: Animal skin       |     9 |       ||     9
       Plate armour      |    72 |   277 ||   349
Dodge: Dodged            |    70 |   137 ||   207
